 Seeded DCSS version 0.30-a0-358-g0d69a1922f (webtiles) character file.

Game seed: 20221108 (custom seed)

385 Nerdsrcool the Ruffian (level 6, -5/59 HPs)
             Began as a Troll Monk on Nov 8, 2022.
             Shot with a bolt by an orc warrior (11 damage)
             ... on level 4 of the Dungeon.
             The game lasted 00:11:05 (2290 turns).

Nerdsrcool the Ruffian (Troll Monk)                 Turns: 2290, Time: 00:11:05

Health: -5/59      AC:  4    Str: 22    XL:     6   Next: 48%
Magic:  5/5        EV: 10    Int: 12    God:
Gold:   222        SH:  0    Dex: 12    Spells: 5/5 levels left

rFire   + + .      SeeInvis .      - Unarmed
rCold   + . .      Faith    .    (no shield)
rNeg    . . .      Spirit   .    a - +0 robe
rPois   .          Reflect  .    (helmet restricted)
rElec   .          Harm     .    o - scarf {rC+ rF+}
rCorr   .          Rampage  .    (gloves unavailable)
Will    .....                    (boots unavailable)
Stlth   ++........               (no amulet)
HPRegen 1.09/turn                j - ring of Qetublyd {rF+ Int+6}
MPRegen 0.09/turn                (no ring)

@: no status effects
A: large, unfitting armour, claws 3, regeneration 1, shaggy fur 1, tough skin 1
a: no special abilities


You were on level 4 of the Dungeon.
You visited 1 branch of the dungeon, and saw 4 of its levels.

You collected 222 gold pieces.

Inventory:

Hand Weapons
 e - a +0 club
Missiles
 h - 2 javelins (quivered)
 p - 12 poisoned darts
Armour
 a - a +0 robe (worn)
 o - a scarf of resistance (worn)
Jewellery
 j - the ring of Qetublyd (left claw) {rF+ Int+6}
   (You found it on level 2 of the Dungeon)

   [ring of intelligence]

   Int:       It affects your intelligence (+6).
   rF:        It protects you from fire.
Wands
 t - a wand of quicksilver (8)
Scrolls
 b - a scroll of enchant armour {unknown}
 c - 2 scrolls of teleportation {unknown}
 f - 5 scrolls of identify {unknown}
 g - a scroll of fear {unknown}
 k - a scroll of vulnerability {unknown}
 l - a scroll of poison {unknown}
 m - a scroll of summoning {unknown}
 n - a scroll of blinking {unknown}
 q - a scroll of butterflies {unknown}
 r - a scroll of amnesia {unknown}
Potions
 d - a potion of berserk rage {unknown}
 i - 2 potions of curing {unknown}
 s - a potion of magic {unknown}


   Skills:
 + Level 2.9 Fighting
 + Level 0.2 Throwing
 + Level 3.3 Dodging
 + Level 2.0 Stealth
 + Level 5.8 Unarmed Combat


You had 5 spell levels left.
You didn't know any spells.
Your spell library contained the following spells:

 Spells                   Type           Power      Damage    Failure   Level
 Kiss of Death            Conj/Necr      0%         2d5       32%         1
 Anguish                  Hex/Necr       0%         N/A       97%         4
 Death Channel            Necr           0%         N/A       100%        6
 Borgnjor's Revivificati  Necr           0%         N/A       100%        8


Dungeon Overview and Level Annotations

Branches:
Dungeon (4/15)             Temple (0/1) D:4

Altars:
Makhleb
Xom
Zin


Innate Abilities, Weirdness & Mutations

You are too large for most types of armour.
You have claws for hands.
Your natural rate of healing is unusually fast.
You are covered in fur. (AC +1)
You have tough skin. (AC +1)


Message History

The orc wizard points at you and mumbles some strange words.
The puff of flame hits you. You resist.
The orc warrior shoots a bolt.
The bolt hits you!!
* * * LOW HITPOINT WARNING * * *
You are too injured to fight recklessly!
You are too injured to fight recklessly!
You are too injured to fight recklessly!
You are too injured to fight recklessly!
You are too injured to fight recklessly!
You are too injured to fight recklessly!
You are too injured to fight recklessly!
You are too injured to fight recklessly!
You are too injured to fight recklessly!
You are too injured to fight recklessly!
You are too injured to fight recklessly!
You are too injured to fight recklessly!
You are too injured to fight recklessly!
You are too injured to fight recklessly!
You are too injured to fight recklessly!
You are too injured to fight recklessly!
You are too injured to fight recklessly!
You are too injured to fight recklessly!
You are too injured to fight recklessly!
You are too injured to fight recklessly!
You are too injured to fight recklessly!
You are too injured to fight recklessly!
You are too injured to fight recklessly!
You are too injured to fight recklessly!
You are too injured to fight recklessly!
You are too injured to fight recklessly!
Aiming: Quicksilver Bolt
Press: ? - help, Q - select action, (/) - cycle Shift-Dir - straight line, f - orc warrior
Aim: an orc warrior, wielding a +4 arbalest and wearing a +0 chain mail (68% to hit)
The bolt of dispelling energy hits the orc warrior!
The orc warrior is moderately wounded.
The orc wizard casts a spell at you. The magic dart hits you!
* * * LOW HITPOINT WARNING * * *
The orc warrior shoots a bolt.
The bolt hits you!
You die...

.<...# .....# .....#
.....# . ###..# #######
..
###..#####+###.....##...
....................o...
................))......
.............†..@.o.....
........................
########################


You could see an orc warrior and an orc wizard.

Vanquished Creatures
  A scorpion (D:4)
  A crimson imp (D:4)
  An orc priest (D:3)
  2 hounds (D:4)
  2 iguanas (D:4)
  An orc wizard (D:3)
  6 adders
  2 worms (D:2)
  A dart slug (D:1)
  5 orcs
  8 ball pythons
  7 bats
  6 endoplasms
  5 giant cockroaches
  5 goblins
  6 hobgoblins
  4 jackals
  3 kobolds
  A frilled lizard (D:2)
  3 rats
70 creatures vanquished.

Notes
Turn   | Place    | Note
-------+----------+-------------------------------------------
     0 | D:1      | Nerdsrcool the Troll Monk began the quest for the Orb.
     0 | D:1      | Reached XP level 1. HP: 22/22 MP: 0/0
   119 | D:1      | Got the Octavo of Black Magic
   159 | D:1      | Reached XP level 2. HP: 29/29 MP: 1/1
   736 | D:2      | Reached XP level 3. HP: 27/36 MP: 2/2
  1061 | D:2      | Found a glowing silver altar of Zin.
  1082 | D:2      | Identified the ring of Qetublyd {rF+ Int+6}
  1332 | D:3      | Reached skill level 4 in Unarmed Combat
  1332 | D:3      | Reached XP level 4. HP: 18/44 MP: 3/3
  1433 | D:3      | Reached XP level 5. HP: 47/50 MP: 4/4
  1841 | D:4      | Reached skill level 5 in Unarmed Combat
  1893 | D:4      | Reached XP level 6. HP: 46/59 MP: 5/5
  2053 | D:4      | Found a shimmering altar of Xom.
  2053 | D:4      | Found a burning altar of Makhleb.
  2103 | D:4      | Found a staircase to the Ecumenical Temple.
  2281 | D:4      | Noticed an orc warrior
  2290 | D:4      | Shot with a bolt by an orc warrior

Illustrated notes

Levels and vault maps discovered:
D:1:      lightli_arrival_boilingwater, layout_basic
D:2:      layout_loops_ring, basic_altar
D:3:      layout_rooms
D:4:      layout_gridville, grunt_temple_overflow_champion_of_chaos,
          minmay_temple_entry_wispy

Skill      XL: |  1  2  3  4  5  6 |
---------------+-------------------+-----
Unarmed Combat | 4 5 |  5.8
Dodging        | 3 |  3.3
Stealth        | 2 |  2.0
Fighting       | |  2.9
Throwing       | |  0.2

Action                   |  1- 3 |  4- 6 || total
-------------------------+-------+-------++-------
Melee: Unarmed           |   111 |    96 ||   207
       Punch             |     1 |       ||     1
Throw: Javelin           |     2 |       ||     2
Evoke: Wand              |       |     1 ||     1
  Use: Potion            |       |     1 ||     1
 Stab: Sleeping          |     6 |     1 ||     7
Armor: Robe              |    41 |    28 ||    69
Dodge: Dodged            |    66 |    43 ||   109

Table legend: (Time is in decaauts)
 A = Elapsed time spent in this place.
 B = Non-inter-level travel time spent in this place.
 C = Inter-level travel time spent in this place.
 D = Time resting spent in this place.
 E = Time spent auto-exploring this place.
 F = Levels seen in this place.
 G = Mean time per level.
                   A        B        C        D        E       F      G
               +--------+--------+--------+--------+--------+-----+--------+
         Total |   2288 |   2186 |    102 |      8 |   1633 |   4 |  572.0 |
       Dungeon |   2288 |   2186 |    102 |      8 |   1633 |   4 |  572.0 |
               +--------+--------+--------+--------+--------+-----+--------+

Top non-repeatable levels by time:
     D:1: 714 daAuts
     D:2: 603 daAuts
     D:4: 556 daAuts
     D:3: 414 daAuts
